 Dungeon Crawl Stone Soup version 0.25-a0-566-g062765be81 (webtiles) character file.

Game seed: 13317469533200655346, levelgen mode: deterministic

0 drasked the Firebug (level 1, -2/10 HPs)
             Began as a Deep Elf Fire Elementalist on Feb 28, 2020.
             Slain by a kobold
             ... wielding a +3 short sword
              (8 damage)
             ... on level 1 of the Dungeon.
             The game lasted 00:00:22 (107 turns).

drasked the Firebug (Deep Elf Fire Elementalist)     Turns: 107, Time: 00:00:23

Health: -2/10      AC:  2    Str:  5    XL:     1   Next: 8%
Magic:  3/6        EV: 13    Int: 19    God:
Gold:   0          SH:  0    Dex: 15    Spells: 5/6 levels left

rFire    . . .     SeeInvis .   (no weapon)
rCold    . . .     Gourm    .   (no shield)
rNeg     . . .     Faith    .   a - +0 robe
rPois    .         Spirit   .   (no helmet)
rElec    .         Reflect  .   (no cloak)
rCorr    .         Harm     .   (no gloves)
MR       .....                  (no boots)
Stlth    ++........             (no amulet)
HPRegen  0.03/turn              (no ring)
MPRegen  0.10/turn              (no ring)

@: very slightly contaminated
A: no striking features
a: no special abilities


You were on level 1 of the Dungeon.
You were not hungry.

You visited 1 branch of the dungeon, and saw 1 of its levels.

Inventory:

Hand Weapons
 b - a +0 dagger
   (You found it on level 1 of the Dungeon)
Armour
 a - a +0 robe (worn)
Comestibles
 c - a chunk of flesh {@w0}
 e - 2 rations


   Skills:
 - Level 2.4 Dodging
 - Level 2.4 Stealth
 + Level 3.0 Spellcasting
 + Level 1.1 Conjurations
 + Level 3.3 Fire Magic


You had 5 spell levels left.
You knew the following spells:

 Your Spells              Type           Power        Failure   Level  Hunger
a - Foxfire               Conj/Fire      ##..         6%          1    None

Your spell library contained the following spells:

 Spells                   Type           Power        Failure   Level  Hunger
 Conjure Flame            Conj/Fire      ##......     19%         3    ###....
 Inner Flame              Hex/Fire       #.......     24%         3    ###....
 Sticky Flame             Conj/Fire      ##......     52%         4    ####...
 Fireball                 Conj/Fire      ##........   86%         5    ######.


Dungeon Overview and Level Annotations

Branches:
Dungeon (1/15)

Altars:


Message History

e - a ration Welcome, drasked the Deep Elf Fire Elementalist.
It is said that the Orb of Zot exists deep within this dungeon.
Found a runed short sword.
Found a staircase leading out of the dungeon.
e - 2 rations (gained 1)
b - a dagger You open the door.
A rat comes into view.
There is an open door here.
You conjure some foxfire!
The rat bites you but does no damage.
The foxfire hits the rat.
You kill the rat!
Found a stone staircase leading down.
You see here a rat corpse.
You butcher the rat corpse.
c - a chunk of flesh {@w0} You see here a rat skeleton.
You start resting.
You open the door. You open the door.
There is an open door here.
A kobold comes into view. It is wielding a +3 short sword.
A kobold is nearby!
A kobold is nearby!
You conjure some foxfire!
You conjure some foxfire!
The kobold shouts!
The foxfire hits the kobold.
The kobold hits you with a +3 short sword.
* * * LOW HITPOINT WARNING * * *
You miscast Foxfire.
You are very lightly contaminated with residual magic.
Nothing appears to happen.
The kobold hits you with a +3 short sword!
Ouch! That really hurt!
You die...

## #.# ##..# #.
#.######..# #.
#.........# #.#
########'## ####..#
##.÷.## #......##
##..§..## #.....#
##...§...##
#.##...K####....§....###
......$@...'....§....+..
#.#.....####.........###
#.##.## ##.......## # #.
##>....## .. ##...## ###
##'## #.# #.# # ##.##
####


You could see a kobold.

Levels and vault maps discovered:
D:1:      mrwooster_arrival_statue, layout_loops_corners

Notes
Turn   | Place    | Note
-------+----------+-------------------------------------------
     0 | D:1      | drasked the Deep Elf Fire Elementalist began the quest for
                  | the Orb.
     0 | D:1      | Reached XP level 1. HP: 10/10 MP: 6/6
    99 | D:1      | Identified a +3 short sword
   107 | D:1      | Slain by a kobold

Table legend:
 A = Turns spent in this place as a percentage of turns spent in the entire game.
 B = Non-inter-level travel turns spent in this place as a percentage of non-inter-level travel turns spent in the entire game.
 C = Inter-level travel turns spent in this place as a percentage of turns spent in this place.
 D = Turns resting spent in this place as a percentage of non-inter-level travel turns spent in this place.
 E = Turns spent auto-exploring this place as a percentage of non-inter-level travel turns spent in this place.
 F = Non-inter-level travel turns spent in this place divided by the number of levels of this place that you've seen.
                   A       B       C       D       E      F
               +-------+-------+-------+-------+-------+----------------------
         Total | 100.0 | 100.0 |   0.0 |   4.7 |  81.3 | 107.0
       Dungeon | 100.0 | 100.0 |   0.0 |   4.7 |  81.3 | 107.0
               +-------+-------+-------+-------+-------+----------------------

Table legend:
 A = Kills in this place as a percentage of kills in entire the game.
 B = Kills by you in this place as a percentage of kills by you in the entire game.
 C = Kills by friends in this place as a percentage of kills by friends in the entire game.
 D = Other kills in this place as a percentage of other kills in the entire game.
 E = Experience gained in this place as a percentage of experience gained in the entire game.
 F = Experience gained in this place divided by the number of levels of this place that you have seen.
                   A       B       C       D       E      F
               +-------+-------+-------+-------+-------+----------------------
         Total | 100.0 | 100.0 |   N/A |   N/A | 100.0 |   1.0
       Dungeon | 100.0 | 100.0 |   N/A |   N/A | 100.0 |   1.0
               +-------+-------+-------+-------+-------+----------------------

Action                   || total
-------------------------++-------
 Cast: Foxfire           ||     3
Armor: Robe              ||     1

Vanquished Creatures
  A rat (D:1)
1 creature vanquished.

Vanquished Creatures (others)
  5 foxfires (D:1)
5 creatures vanquished.

Grand Total: 6 creatures vanquished
